 Dungeon Crawl Stone Soup version 0.18-a0-1782-gb76a692 (webtiles) character file.

9580 Ratboiler the Grappler (level 11, -3/90 (91) HPs)
             Began as a Ghoul Wanderer on Apr 17, 2016.
             Was an Elder of Makhleb.
             Slain by a minotaur
             ... wielding a +1 scimitar of slicing
              (4 damage)
             ... in a labyrinth.
             The game lasted 01:10:12 (12579 turns).

Ratboiler the Grappler (Ghoul Wanderer)            Turns: 12579, Time: 01:10:13

HP:   -3/90 (91)    AC: 18    Str: 23    XL:     11   Next: 48%
MP:   13/13         EV:  8    Int:  5    God:    Makhleb [****..]
Gold: 226           SH:  5    Dex: 12    Spells: 1 memorised, 8 levels left

rFire  . . .     SeeInvis .       - Unarmed
rCold  + + .     Gourm    .     p - +3 chain mail {rC+}
rNeg   + + +     Faith    .     R - +0 buckler
rPois  ∞         Spirit   .     A - +0 helmet
rElec  .         Dismiss  .     J - +2 cloak {+Inv}
rCorr  .         Reflect  .     (no gloves)
SustAt .         Harm     .     (no boots)
MR     +....                    (no amulet)
Stlth  ..........               e - ring of wizardry
                                d - ring of protection from magic

@: mighty, rotting, somewhat resistant to hostile enchantments, extremely
unstealthy
A: rotting body, claws 1, carnivore 3, cold resistance 1, negative energy
resistance 3, slow regeneration 1, torment resistance, unbreathing
a: Minor Destruction, Lesser Servant of Makhleb, Major Destruction, Renounce
Religion, Evoke Invisibility


You were in a labyrinth.
You worshipped Makhleb.
Makhleb was greatly pleased with you.
You were not hungry.

You visited 2 branches of the dungeon, and saw 14 of its levels.
You also visited: Labyrinth and Bailey.

You collected 603 gold pieces.
You spent 377 gold pieces at shops.

Inventory:

Hand Weapons
 b - a +1 blowgun
 D - the +9 hand axe "Plog" {drain, -Tele rElec rN+}
   (You found it on level 9 of the Dungeon)

   A truly terrible weapon, it drains the life of those it strikes.
   It insulates you from electricity.
   It protects you from negative energy.
   It prevents most forms of teleportation.
 I - a +0 hunting sling
Missiles
 a - 16 tomahawks (quivered)
 k - 40 poisoned needles
 n - 50 stones
 E - 5 sling bullets of flame
Armour
 p - a +3 chain mail of cold resistance (worn)
 A - a +0 helmet (worn)
 J - a +2 cloak of invisibility (worn)
 R - a +0 buckler (worn)
Jewellery
 d - a ring of protection from magic (left claw)
 e - a ring of wizardry (right claw)
 P - an uncursed ring of flight
Wands
 z - a wand of polymorph (0/24)
 K - a wand of lightning (0/15)
 N - a wand of paralysis (0/24)
 T - a wand of lightning (0/15)
 U - a wand of teleportation (4/9)
 V - a wand of flame (20/48)
 W - a wand of random effects (23/48)
 Z - a wand of flame (34/48)
Scrolls
 j - 3 scrolls of fog
 m - 5 scrolls of remove curse
 s - 5 scrolls of enchant armour
 F - a scroll of silence
 G - a scroll of teleportation
 S - 2 scrolls of amnesia
Potions
 c - a potion of berserk rage
 g - a potion of lignification
 i - 2 potions of magic
 l - a potion of heal wounds
 o - 3 potions of flight
 r - 3 potions of curing
 v - a potion of ambrosia
 x - a potion of cancellation
 B - 2 potions of invisibility
 H - 2 potions of cure mutation {unknown}
 O - a potion of haste
 Q - a potion of brilliance
 X - a potion of agility
Books
 q - a book of Power

   Spells                             Type                      Level
   a - Fulminant Prism                Conjuration/Hexes            4
   b - Iskenderun's Mystic Blast      Conjuration                  4
   c - Venom Bolt                     Conjuration/Poison           5
   d - Bolt of Magma                  Conjuration/Fire/Earth       5
   e - Iron Shot                      Conjuration/Earth            6
   f - Orb of Destruction             Conjuration                  7
   g - Spellforged Servitor           Conjuration/Summoning        7
 L - a book of Burglary

   Spells                             Type                      Level
   a - Swiftness                      Charms/Air                   2
   b - Passwall                       Transmutation/Earth          2
   c - Passage of Golubria            Translocation                4
   d - Lee's Rapid Deconstruction     Earth                        5
   e - Darkness                       Hexes                        6
   f - Invisibility                   Hexes                        6
Comestibles
 f - 7 meat rations
 h - 4 slices of pizza
 u - 4 beef jerkies
 C - 2 royal jellies


   Skills:
 + Level 6.6 Fighting
   Level 2.6 Maces & Flails
 + Level 6.8 Armour
 - Level 2.1 Stealth
 - Level 4.2 Shields
 - Level 14.4 Unarmed Combat
 - Level 5.0 Invocations


You had 8 spell levels left.
You knew the following spells:

 Your Spells              Type           Power        Failure   Level  Hunger
a - Swiftness             Chrm/Air       #.......     99%         2    ###....


Dungeon Overview and Level Annotations

Branches:
Dungeon (11/15)            Temple (0/1) D:7            Lair (3/8) D:11
  Swamp: Lair:3-6    Shoals: Lair:3-6     Snake: Lair:3-6    Spider: Lair:3-6
    Orc: D:9-12

Altars:
Makhleb
Okawaru
Pakellas
Qazlal
Sif Muna
Trog

Shops:
D:4 (   D:10 !

Annotations:
D:3 Grinder
D:5 Blork the orc, Crazy Yiuf, Menkaure
D:6 exclusion: downstairs
D:7 exclusions: downstairs and electric eel
D:8 Erolcha
D:10 Sonja
Lair:1 Fannar, Grum
Lair:2 exclusions: upstairs and 1 more exclusion


Innate Abilities, Weirdness & Mutations

Your body is rotting away.
You thrive on raw meat.
You are immune to poison.
You have sharp fingernails.
You are carnivorous and can eat meat at any time.
Your flesh is cold resistant.
You are immune to negative energy.
You regenerate slowly when monsters are visible.
You are immune to unholy pain and torment.
You can survive without breathing.


Message History

The minotaur hits you but does no damage.
The minotaur barely misses you.
You mangle the minotaur!!
The minotaur is heavily wounded.
You scratch the minotaur.
The minotaur is heavily wounded.
The minotaur hits you with an uncursed scimitar of slicing!
The minotaur gores you but does no damage.
You claw the minotaur!
The minotaur is heavily wounded.
The minotaur hits you but does no damage.
The minotaur gores you but does no damage.
You barely miss the minotaur.
The minotaur is heavily wounded.
You scratch the minotaur but do no damage.
The minotaur is heavily wounded.
The minotaur hits you with an uncursed scimitar of slicing!!
* * * LOW HITPOINT WARNING * * *
x2 The minotaur gores you.
You die...

#.. #.#.# # .
#.. . # ##.#. #
# . . ..# .
#.#.# # ###.#
#.#.#.## .
#...#........ #.
#
###..@(.........
#...H#########
.. #.#.......
..# .# # . ..
#..###### .# #
#..# . H. .# # #
. #....#( #.# .
.#..#. #. . # #
...#..#.######(#
.. # . . ( #


You could see a minotaur.

Vanquished Creatures
  2 hydras
  An unseen horror (D:9)
  Maurice (D:8)
  2 spiny frogs (Lair:2)
  A troll (D:11)
  A queen bee (Lair:3)
  7 yaks
  A wraith (D:11)
  A basilisk (Lair:1)
  2 hippogriffs
  A hungry ghost (D:8)
  A water moccasin (Lair:1)
  An orc warrior (Bailey)
  4 porcupines
  An ice beast (D:8)
  A black bear (D:9)
  2 phantoms
  2 sky beasts
  2 ogres
  3 centaurs
  2 crocodiles (Lair:2)
  A big kobold (D:7)
  6 giant frogs
  A wyvern zombie (D:9)
  2 wyvern skeletons
  2 scorpions
  16 killer bees
  2 electric eels (Bailey)
  5 wights (D:10)
  A vampire bat (D:6)
  5 howler monkeys
  5 crimson imps
  2 centaur zombies (D:7)
  5 orc wizards
  2 giant frog zombies
  3 centaur skeletons
  4 hounds
  2 jellies
  4 orc priests
  4 iguanas
  4 worker ants
  A worker ant zombie (D:6)
  6 gnolls
  6 adders
  A howler monkey skeleton (D:4)
  A river rat (Lair:1)
  A shadow imp (D:10)
  6 worms
  A dart slug (D:2)
  7 giant geckos
  35 orcs
  14 bats
  5 giant cockroaches
  8 goblins
  14 hobgoblins
  6 jackals
  7 quokkas
  3 giant newts
  9 kobolds
  5 rats
251 creatures vanquished.

Vanquished Creatures (collateral kills)
  3 killer bees (D:10)
3 creatures vanquished.

Vanquished Creatures (others)
  A fungus (Lair:2)
1 creature vanquished.

Grand Total: 255 creatures vanquished

Notes
Turn   | Place    | Note
--------------------------------------------------------------
     0 | D:1      | Ratboiler the Ghoul Wanderer began the quest for the Orb.
     0 | D:1      | Ratboiler set off with: a +2 scale mail, a +0 hand axe, a +0 mace, a +0 dagger, a meat ration
     0 | D:1      | Reached XP level 1. HP: 16/16 MP: 0/0
   127 | D:1      | Reached skill level 1 in Unarmed Combat
   171 | D:1      | Reached XP level 2. HP: 13/23 MP: 1/1
   405 | D:1      | Reached skill level 2 in Unarmed Combat
   779 | D:1      | Reached XP level 3. HP: 28/28 MP: 2/2
   963 | D:1      | Reached skill level 3 in Unarmed Combat
  1629 | D:2      | Reached XP level 4. HP: 35/35 MP: 3/3
  1686 | D:2      | Reached skill level 4 in Unarmed Combat
  2626 | D:3      | Noticed Grinder
  2711 | D:4      | Noticed Menkaure
  3396 | D:4      | Found Ziluexte's Antique Weapon Boutique.
  3476 | D:5      | Entered Level 5 of the Dungeon
  3543 | D:5      | Noticed Crazy Yiuf
  3857 | D:4      | Reached skill level 5 in Unarmed Combat
  3857 | D:4      | Reached XP level 5. HP: 27/39 MP: 4/4
  4121 | D:5      | Reached skill level 6 in Unarmed Combat
  4121 | D:5      | Reached XP level 6. HP: 47/47 MP: 5/5
  4199 | D:5      | Found an oddly glowing altar of Pakellas.
  4199 | D:5      | Found a stormy altar of Qazlal.
  4200 | D:5      | Found a burning altar of Makhleb.
  4211 | D:5      | Became a worshipper of Makhleb the Destroyer
  4237 | D:5      | Noticed Blork the orc
  5044 | D:6      | Reached skill level 7 in Unarmed Combat
  5144 | D:6      | Reached XP level 7. HP: 52/52 MP: 6/6
  5346 | D:7      | Reached skill level 8 in Unarmed Combat
  5384 | D:7      | Reached * piety under Makhleb
  5633 | D:7      | Reached skill level 9 in Unarmed Combat
  5751 | D:7      | Found a staircase to the Ecumenical Temple.
  5938 | D:7      | Found an iron altar of Okawaru.
  6196 | D:6      | Reached ** piety under Makhleb
  6259 | D:5      | Reached XP level 8. HP: 48/59 MP: 7/7
  6329 | D:7      | Learned a level 2 spell: Swiftness
  6395 | D:7      | Found a deep blue altar of Sif Muna.
  6587 | D:8      | Noticed Erolcha
  6784 | D:8      | Reached skill level 10 in Unarmed Combat
  6882 | D:8      | Noticed Maurice
  7229 | D:8      | Reached skill level 11 in Unarmed Combat
  7643 | D:8      | Reached XP level 9. HP: 54/64 MP: 8/8
  7708 | D:8      | Killed Maurice
  7708 | D:8      | Reached skill level 12 in Unarmed Combat
  7995 | D:9      | Reached *** piety under Makhleb
  8015 | D:9      | Reached skill level 1 in Invocations
  8035 | D:9      | Killed an unseen horror
  8035 | D:9      | Reached skill level 13 in Unarmed Combat
  8115 | D:9      | Found a flagged portal.
  8140 | D:9      | Got a brightly glowing hand axe
  8143 | Bailey   | Entered a bailey
  8144 | Bailey   | Identified the +9 hand axe "Plog" {drain, -Tele rElec rN+} (You found it on level 9 of the Dungeon)
  8258 | Bailey   | Found an iron altar of Okawaru.
  8258 | Bailey   | Noticed an orc sorcerer
  8258 | Bailey   | Noticed a kobold demonologist
  8348 | D:9      | Reached XP level 10. HP: 69/71 MP: 12/12
  8559 | D:9      | Found a bloodstained altar of Trog.
  8835 | D:10     | Entered Level 10 of the Dungeon
  8849 | D:10     | Reached skill level 5 in Invocations
  8991 | D:10     | Noticed Sonja
  9245 | D:7      | Reached skill level 14 in Unarmed Combat
  9936 | D:10     | Found Piptogg's Distillery.
  9951 | D:10     | Bought a potion of might for 52 gold pieces
  9951 | D:10     | Bought a potion of curing for 39 gold pieces
  9951 | D:10     | Bought a potion of ambrosia for 104 gold pieces
  9951 | D:10     | Bought a potion of haste for 130 gold pieces
  9951 | D:10     | Bought a potion of brilliance for 52 gold pieces
 10147 | D:10     | Reached **** piety under Makhleb
 10558 | D:11     | Found a staircase to the Lair.
 10559 | D:11     | Noticed a cyclops
 10758 | Lair:1   | Entered Level 1 of the Lair of Beasts
 10907 | Lair:1   | Reached skill level 5 in Armour
 11028 | Lair:1   | Noticed Fannar
 11060 | Lair:1   | Noticed a spiny frog
 11192 | Lair:2   | Noticed a six-headed hydra
 11257 | Lair:2   | Noticed a spiny frog
 11267 | Lair:2   | Killed a spiny frog
 11267 | Lair:2   | Reached skill level 5 in Fighting
 11455 | Lair:1   | Noticed Grum
 11540 | Lair:2   | Noticed a five-headed hydra
 11576 | Lair:2   | Killed a five-headed hydra
 11576 | Lair:2   | Reached XP level 11. HP: 88/88 MP: 13/13
 12045 | Lair:3   | Reached ***** piety under Makhleb
 12103 | Lair:3   | Noticed a seven-headed hydra
 12119 | Lair:3   | Found a labyrinth entrance.
 12124 | Lair:3   | Killed a seven-headed hydra
 12191 | Lab      | Entered a labyrinth
 12540 | Lab      | Noticed a minotaur
 12579 | Lab      | HP: 1/90 [minotaur/uncursed scimitar of slicing (6)]
 12579 | Lab      | Slain by a minotaur

Vault maps used:
D:1:      mrwooster_arrival_statue, nrook_uturn, serial_bayou_pond_d
D:2:      minmay_door_square, hex_tiny
D:3:      uniq_grinder, uniq_iyjb
D:4:      kennysheep_six_static_rooms, serial_shops, shop, uniq_menkaure
D:5:      gammafunk_temple_overflow_claw, first_bread, st_stairs_6,
          uniq_blork_the_orc, uniq_crazy_yiuf_cottage
D:6:      roderic_batcave
D:7:      kennysheep_mini_moat, minmay_temple_entry_trees,
          serial_bayou_lagoon_a, kennysheep_cross_bottleneck,
          okawaru_altar_gauntlet_db
D:8:      minmay_pinched_square, uniq_erolcha, uniq_maurice
D:9:      lemuel_coloured_pillars_altar, enter_bailey_2
D:10:     serial_shops, shop, the_bakery, uniq_sonja
D:11:     kennysheep_blocky_hall, kennysheep_nub, minmay_misc_feat_tower
Lair:1:   st_stairs_11, uniq_fannar, uniq_grum
Lair:2:   grunt_forest_large_clearing_hut
Lair:3:   nicolae_swamp_entry_splash_gauntlet, special_room, lab_entry_generic,
          guppyfry_lair_drakes, grunt_megastairs_5, lemuel_fruit_tree
Lab:      labyrinth_spiral
Bailey:   bailey_axe_of_yendor_kennysheep, bailey

Skill      XL: |  1  2  3  4  5  6  7  8  9 10 11 |
---------------+----------------------------------+-----
Unarmed Combat | 1 2 3 5 6 7 9 11 13 14 | 14.4
Invocations    | 4 5 |  5.0
Fighting       | 5 6 |  6.6
Armour         | 6 |  6.8
Shields        | 2 4 |  4.2
Maces & Flails | |  2.6
Stealth        | |  2.1

Action                   |  1- 3 |  4- 6 |  7- 9 | 10-12 || total
-------------------------+-------+-------+-------+-------++-------
Melee: Unarmed           |   136 |   272 |   328 |   359 ||  1095
       Punch             |     1 |     4 |     6 |     7 ||    18
       Hand axe          |       |       |     7 |       ||     7
 Fire: Blowgun           |       |       |    19 |       ||    19
Throw: Stone             |       |     6 |       |       ||     6
       Tomahawk          |       |       |     5 |       ||     5
Invok: Lesser Servant of |       |       |       |     2 ||     2
Evoke: Wand              |       |     2 |     9 |     6 ||    17
  Use: Scroll            |     1 |     4 |     8 |     9 ||    22
       Potion            |       |     5 |       |     5 ||    10
 Stab: Paralysed         |       |       |     8 |     3 ||    11
  Eat: Chunk             |    16 |    37 |    64 |    54 ||   171
Armor: Scale mail        |    73 |    72 |       |       ||   145
       Chain mail        |       |    44 |   219 |   285 ||   548
Dodge: Dodged            |    63 |   112 |   106 |   144 ||   425
Block: Buckler           |       |       |       |    28 ||    28
